 Dungeon Crawl Stone Soup version 0.31.0-11-ge490571c62 (webtiles) character file.

Game seed: 3104707161279183107

955 qw the Skirmisher (level 7, 0/40 HPs)
             Began as a Deep Elf Hunter on Feb 4, 2024.
             Incinerated by a bombardier beetle (4 damage)
             ... with a burning spray
             ... on level 5 of the Dungeon.
             The game lasted 00:00:19 (4169 turns).

qw the Skirmisher (Deep Elf Hunter)                 Turns: 4169, Time: 00:00:20

Health: 0/40       AC:  7    Str: 10    XL:     7   Next: 91%
Magic:  9/9        EV: 17    Int: 21    God:
Gold:   226        SH:  0    Dex: 18    Spells: 6/6 levels left

rFire   . . .        b - +0 longbow
rCold   . . .        (shield currently unavailable)
rNeg    . . .        o - +0 ring mail
rPois   .            m - +0 helmet
rElec   .            (no cloak)
rCorr   .            (no gloves)
SInv    .            i - +0 pair of boots of Amorous Joy {Regen+ Int+7}
Will    .....        (no amulet)
Stlth   +            j - +5 ring of evasion
HPRegen 1.06/turn    (no ring)
MPRegen 0.11/turn

%: no passive effects
@: on fire, glowing
A: no striking features
a: no special abilities


You were on level 5 of the Dungeon.
You visited 1 branch of the dungeon, and saw 5 of its levels.

You collected 226 gold pieces.


   Skills:
 - Level 2.4 Fighting
 + Level 11.3 Ranged Weapons
 - Level 1.7 Armour
 - Level 4.6 Dodging
 - Level 1.2 Stealth


You had 6 spell levels left.
You didn't know any spells.
Your spell library was empty.

Inventory:

Hand Weapons
 b - a +0 longbow (weapon)
Armour
 i - the +0 pair of boots of Amorous Joy (worn) {Regen+ Int+7}
   (You found it on level 3 of the Dungeon)

   Int+7:     It affects your intelligence (+7).
   Regen+:    It increases your rate of health regeneration.
 m - a +0 helmet (worn)
 o - a +0 ring mail (worn)
Jewellery
 a - an amulet of reflection
 h - a ring of fire
 j - a +5 ring of evasion (left hand)
Scrolls
 c - a scroll of identify
Potions
 d - a potion of resistance {unknown}
 e - a potion of attraction {unknown}
 f - 2 potions of curing
 g - a potion of enlightenment {unknown}
 k - a potion of haste {unknown}
 l - 2 potions of might
 r - a potion of mutation {unknown}

Dungeon Overview and Level Annotations

Branches:
Dungeon (5/15)
 Temple: D:4-7

Altars:
Gozag
Makhleb
Yredelemnul

Shops:
D:1 (


Message History

You see here a +0 quarterstaff.
Found a robe.
You now have 212 gold pieces (gained 6).
Found a dagger.
You see here a +0 dagger.
You now have 226 gold pieces (gained 14).
A bombardier beetle comes into view.
You shoot an arrow.
The arrow barely misses the bombardier beetle.
The bombardier beetle sprays incendiary fluid at you.
The burning spray hits you.
You are covered in liquid fire!
You shoot an arrow. The arrow hits the bombardier beetle.
The bombardier beetle is moderately wounded.
The liquid fire burns you!
You shoot an arrow. The arrow hits the bombardier beetle.
The bombardier beetle is heavily wounded.
The liquid fire burns you!
You shoot an arrow. The arrow hits the bombardier beetle!
You kill the bombardier beetle!
The liquid fire burns you!
You are on fire!
The liquid fire burns you!
You are on fire!
The liquid fire burns you!
You are on fire!
The liquid fire burns you!
You are on fire!
The liquid fire burns you!
You are on fire!
The liquid fire burns you!
You are on fire!
The liquid fire burns you!
You are on fire!
The liquid fire burns you!
You are on fire!
The liquid fire burns you!
You are on fire!
The liquid fire burns you!
You die...

#.# #.# #.# ###
#.######
##...##.......
.##.#..........
###....^.##.######
#....%.......# #
#@# ####.##.## #
#########.# # ###
# ..........# #
########..#
###############..#
.................#
###############.##
#.# #.#


There were no monsters in sight!

Vanquished Creatures
  Grinder (D:3)
  2 phantoms
  A scorpion (D:4)
  A bullfrog zombie (D:4)
  A hound (D:5)
  An orc priest (D:4)
  A bombardier beetle (D:5)
  2 iguanas (D:5)
  3 orc wizards (D:4)
  A hound zombie (D:4)
  12 adders
  2 shadow imps (D:5)
  2 ufetubi (D:4)
  2 adder zombies (D:4)
  2 ribbon worms (D:2)
  9 orcs
  12 ball pythons
  4 bats (D:1)
  11 endoplasms
  3 giant cockroaches
  12 goblins
  12 hobgoblins
  7 quokkas
  5 frilled lizards
  11 kobolds
  4 rats
124 creatures vanquished.

Notes
Turn   | Place    | Note
-------+----------+-------------------------------------------
     0 | D:1      | qw the Deep Elf Hunter began the quest for the Orb.
     0 | D:1      | Reached XP level 1. HP: 12/12 MP: 3/3
     0 | D:1      | 0 ||| qw: Version: 0.3-a-160-g6735b56
     0 | D:1      | 0 ||| qw: Game counter: 4823
     0 | D:1      | 0 ||| qw: Melee chars always use a shield: true
     0 | D:1      | 0 ||| qw: God list: Okawaru
     0 | D:1      | 0 ||| qw: Allow faded altars: false
     0 | D:1      | 0 ||| qw: Do Orc after clearing Dungeon:15 true
     0 | D:1      | 0 ||| qw: Do second Lair branch before Depths: true
     0 | D:1      | 0 ||| qw: Lair rune preference: random
     0 | D:1      | 0 ||| qw: Goals: Normal
     0 | D:1      | 0 ||| PLANNING D:1-11
   156 | D:1      | Found Nyfugikh's Antique Weapon Boutique.
   175 | D:1      | Reached skill level 6 in Ranged Weapons
   175 | D:1      | Reached XP level 2. HP: 16/16 MP: 4/4
   506 | D:1      | Reached XP level 3. HP: 19/20 MP: 5/5
   882 | D:1      | 882 ||| READING scroll labelled TUMNUQ MAQYPRI.
   882 | D:1      | 882 ||| ENCHANTING +0 shortbow.
   883 | D:1      | 883 ||| READING 3 scrolls labelled DISOAK JUHUO.
   883 | D:1      | 883 ||| IDENTIFYING metallic purple potion
   884 | D:1      | 884 ||| READING 2 scrolls of identify.
   884 | D:1      | 884 ||| IDENTIFYING 2 cyan potions
   885 | D:1      | 885 ||| READING scroll of identify.
   885 | D:1      | 885 ||| IDENTIFYING 2 grey potions
   886 | D:1      | 886 ||| READING scroll labelled IZO FAZYAFAAP.
   890 | D:1      | 890 ||| READING scroll labelled WAUDEP JUPH.
   891 | D:1      | 891 ||| READING 2 scrolls labelled LOSHAOTHIST.
   892 | D:1      | 892 ||| READING scroll labelled MIHEGU XOEKHLIEFO.
   993 | D:1      | 993 ||| DROPPING scroll of butterflies.
   994 | D:1      | 994 ||| DROPPING potion of lignification.
   995 | D:1      | 995 ||| DROPPING scroll of poison.
  1042 | D:2      | Identified the +5 chain mail "Perori" {rN++ Int+3 Dex-4}
  1070 | D:2      | Reached skill level 7 in Ranged Weapons
  1314 | D:2      | HP: 5/20 [goblin/+0 club (4)]
  1320 | D:2      | HP: 2/20 [kobold/+0 whip (3)]
  1779 | D:2      | Reached XP level 4. HP: 25/25 MP: 6/6
  1966 | D:2      | 1966 ||| UPGRADING to +5 ring of evasion.
  1967 | D:2      | 1967 ||| READING scroll of identify.
  1967 | D:2      | 1967 ||| IDENTIFYING sedimented green potion
  1968 | D:2      | 1968 ||| READING scroll labelled AWENWO VAIPPISTROO.
  1969 | D:2      | 1969 ||| READING scroll labelled HUSCHE UKILE.
  1969 | D:2      | 1969 ||| ENCHANTING +0 shortbow.
  2117 | D:3      | Identified the +0 pair of boots of Amorous Joy {Regen+
                  | Int+7}
  2152 | D:3      | Found a burning altar of Makhleb.
  2162 | D:3      | Noticed Grinder
  2171 | D:3      | HP: 6/25 [Grinder (5)]
  2172 | D:3      | 2172 ||| DRINKING potion of heal wounds.
  2179 | D:3      | Paralysed by Grinder for 5 turns
  2184 | D:3      | Killed Grinder
  2185 | D:3      | Reached skill level 9 in Ranged Weapons
  2185 | D:3      | Reached XP level 5. HP: 23/29 MP: 7/7
  2185 | D:3      | Reached XP level 6. HP: 27/34 MP: 8/8
  2416 | D:3      | Found a faded altar of an unknown god.
  2560 | D:3      | 2560 ||| UPGRADING to +0 pair of boots of Amorous Joy
                  | {Regen+ Int+7}.
  2565 | D:3      | 2565 ||| UPGRADING to +0 helmet.
  2753 | D:4      | Reached skill level 3 in Dodging
  2833 | D:4      | Reached skill level 10 in Ranged Weapons
  2995 | D:4      | 2995 ||| DRINKING 3 potions of curing.
  2995 | D:4      | 2995 ||| (to cure confusion)
  3017 | D:4      | Reached XP level 7. HP: 29/40 MP: 9/9
  3037 | D:4      | Found an opulent altar of Gozag.
  3412 | D:4      | Found a basalt altar of Yredelemnul.
  3794 | D:4      | 3794 ||| UPGRADING to +0 scale mail.
  3804 | D:4      | 3804 ||| DROPPING +0 leather armour.
  3805 | D:4      | 3805 ||| UPGRADING to +0 ring mail.
  3815 | D:4      | 3815 ||| DROPPING +0 scale mail.
  3816 | D:4      | 3816 ||| READING 2 scrolls labelled DOTADOSUAR.
  3817 | D:4      | 3817 ||| READING scroll labelled ADUSAB KAOPRO.
  3818 | D:4      | 3818 ||| DRINKING 2 ruby potions.
  3819 | D:4      | 3819 ||| DROPPING potion of brilliance.
  3820 | D:4      | 3820 ||| DROPPING scroll of blinking.
  3866 | D:5      | Entered Level 5 of the Dungeon
  3927 | D:5      | Reached skill level 1 in Armour
  3943 | D:5      | 3943 ||| SWAPPING to +0 longbow.
  3944 | D:5      | 3944 ||| DROPPING +1 shortbow.
  3979 | D:5      | Reached skill level 11 in Ranged Weapons
  4166 | D:5      | HP: 10/40 [burnt (5)]
  4168 | D:5      | HP: 3/40 [burnt (6)]
  4169 | D:5      | Incinerated by a bombardier beetle

Levels and vault maps discovered:
D:1:      psy_arrival_dodecagon, layout_basic, serial_shops, shop,
          grunt_decor_arrowhead
D:2:      layout_basic, serial_curves, eino_curves_03, eino_curves_01,
          eino_curves_04, eino_curves_03, minmay_bisected
D:3:      layout_rooms, mainiacjoe_overflow_brackets,
          shapermc_ecumenical_altar_ellora, uniq_grinder
D:4:      layout_basic, mainiacjoe_overflow_cross_hatched,
          nicolae_yredelemnul_corpse_copse, minmay_snake_closets
D:5:      layout_loops_ring

Skill      XL: |  1  2  3  4  5  6  7 |
---------------+----------------------+-----
Ranged Weapons | 6 7 9 10 11 | 11.3
Dodging        | 4 |  4.6
Fighting       | 2 |  2.4
Armour         | 1 |  1.7
Stealth        | |  1.2

Action                     |  1- 3 |  4- 6 |  7- 9 || total
---------------------------+-------+-------+-------++-------
   Fire: Shortbow          |   140 |   176 |   125 ||   441
         Longbow           |       |       |    33 ||    33
    Use: Scroll            |     8 |     3 |     2 ||    13
         Potion            |       |     2 |     1 ||     3
 Armour: Leather armour    |    25 |    26 |    28 ||    79
         Ring mail         |       |       |     6 ||     6
  Dodge: Dodged            |    26 |    45 |    80 ||   151

Table legend:
 A = Non-vault XP
 B = Vault XP
 C = Vault XP percentage of total XP
 D = Non-vault monster count
 E = Vault monster count
 F = Vault count percentage of total count
                 A         B        C        D         E       F
            +---------+---------+-------+---------+---------+-------
      Total |     884 |     481 |  35.2 |     105 |      19 |  15.3
            +---------+---------+-------+---------+---------+-------
        D:1 |      52 |       0 |   0.0 |      32 |       0 |   0.0
        D:2 |      49 |       2 |   3.9 |      19 |       1 |   5.0
        D:3 |      41 |     300 |  88.0 |      16 |       1 |   5.9
        D:4 |     423 |     179 |  29.7 |      28 |      17 |  37.8
        D:5 |     319 |       0 |   0.0 |      10 |       0 |   0.0
            +---------+---------+-------+---------+---------+-------
